 Dungeon Crawl Stone Soup version 0.30.1-11-g7821555f0a (webtiles) character file.

Game seed: 7722990491035281273

5116 cowcol the Cleaver (level 10, -9/90 HPs)
             Began as a Minotaur Fighter on Jan 12, 2024.
             Was a Priest of Okawaru.
             Mangled by a white ugly thing (22 damage)
             ... on level 7 of the Dungeon.
             The game lasted 00:21:34 (11115 turns).

cowcol the Cleaver (Minotaur Fighter)              Turns: 11115, Time: 00:21:35

Health: -9/90      AC: 13    Str: 22    XL:     10   Next: 32%
Magic:  10/10      EV: 13    Int:  7    God:    Okawaru [***...]
Gold:   335        SH:  8    Dex: 11    Spells: 9/9 levels left

rFire   . . .        L - +5 war axe (flame)
rCold   . . .        S - +0 kite shield
rNeg    . . .        b - +0 scale mail
rPois   .            (helmet restricted)
rElec   .            Q - +1 cloak
rCorr   .            (no gloves)
SInv    .            k - +1 pair of boots {Fly}
Will    .....        (no amulet) Stlth
                     K - +5 ring of evasion
HPRegen 0.35/turn    (no ring)
MPRegen 0.12/turn

%: no passive effects
@: flying
A: horns 2, retaliatory headbutt
a: Renounce Religion, Heroism


You were on level 7 of the Dungeon.
You worshipped Okawaru.
Okawaru was most pleased with you.
You visited 1 branch of the dungeon, and saw 8 of its levels.
You also visited: Sewer and Ossuary.

You collected 530 gold pieces.
You spent 195 gold pieces at shops.

Inventory:

Hand Weapons
 a - a +0 war axe
 L - a +5 war axe of flaming (weapon)
Missiles
 x - 7 boomerangs (quivered)
 y - 2 throwing nets
 I - 2 silver boomerangs
 N - 3 poisoned darts
 R - an atropa-tipped dart
Armour
 b - a +0 scale mail (worn)
 c - a +1 buckler
 k - a +1 pair of boots of flying (worn)
 Q - a +1 cloak (worn)
 S - a +0 kite shield (worn)
Jewellery
 n - a ring of protection from fire
 E - a ring of ice
 K - a +5 ring of evasion (left hand)
Wands
 w - a wand of polymorph (9)
 A - a wand of light (12)
 C - a wand of roots (14)
 O - a wand of flame (27)
Scrolls
 g - 3 scrolls of fear
 h - 2 scrolls of fog {unknown}
 p - a scroll of acquirement {unknown}
 q - 2 scrolls of vulnerability {unknown}
 r - a scroll of amnesia
 t - a scroll of magic mapping {unknown}
 u - 2 scrolls of immolation {unknown}
 v - 2 scrolls of enchant weapon
 z - 2 scrolls of poison {unknown}
 M - a scroll of brand weapon {unknown}
 P - a scroll of blinking {unknown}
Potions
 d - 8 potions of might
 e - 2 potions of degeneration {unknown}
 f - a potion of flight {unknown}
 i - 3 potions of resistance {unknown}
 j - 6 potions of berserk rage
 l - 4 potions of curing
 m - 2 potions of haste
 o - 3 potions of heal wounds {unknown}
 s - 2 potions of cancellation {unknown}
 B - a potion of lignification {unknown}
 D - 2 potions of magic {unknown}
 F - 2 potions of invisibility {unknown}
 G - 2 potions of brilliance {unknown}
 H - a potion of attraction {unknown}
 J - a potion of mutation {unknown}


   Skills:
 + Level 8.4 Fighting
 + Level 13.7 Axes
 - Level 1.0 Throwing
 + Level 9.6 Armour
 + Level 4.1 Shields
 + Level 1.8 Invocations


You had 9 spell levels left.
You didn't know any spells.
Your spell library contained the following spells:

 Spells                   Type           Power      Damage    Failure   Level
 Slow                     Hex            0%         N/A       93%         1
 Ensorcelled Hibernation  Hex/Ice        0%         N/A       98%         2
 Confusing Touch          Hex            0%         N/A       100%        3
 Hailstorm                Conj/Ice       0%         3d3       100%        3
 Inner Flame              Hex/Fire       0%         N/A       100%        3
 Spider Form              Tmut/Pois      0%         N/A       100%        3
 Stone Arrow              Conj/Erth      0%         3d7       100%        3
 Vampiric Draining        Necr           0%         2d6       100%        3
 Anguish                  Hex/Necr       0%         N/A       100%        4
 Flame Wave               Conj/Fire      0%         2d4       100%        4
 Ice Form                 Ice/Tmut       0%         N/A       100%        4
 Sticky Flame             Conj/Fire      0%         2d3       100%        4
 Borgnjor's Vile Clutch   Necr/Erth      0%         N/A       100%        5
 Lehudib's Crystal Spear  Conj/Erth      0%         10d2      100%        8
 Animate Armour           Summ/Erth      Unusable   N/A       N/A         4
 Animate Dead             Necr           Unusable   N/A       N/A         4
 Death Channel            Necr           Unusable   N/A       N/A         6
 Simulacrum               Ice/Necr       Unusable   N/A       N/A         6

Dungeon Overview and Level Annotations

Branches:
Dungeon (8/15)             Temple (0/1) D:5           Sewer (visited)
Ossuary (visited)
   Lair: D:8-11

Altars:
Ashenzari
Cheibriados
Elyvilon
Gozag
Nemelex Xobeh
Okawaru
Ru
Sif Muna
Trog
Wu Jian
Xom
The Shining One

Shops:
D:1 :   D:4 [

Annotations:
D:3 AberrantSnake's ghost, amateur TeCj


Innate Abilities, Weirdness & Mutations

You have a pair of horns on your head.
You reflexively headbutt those who attack you in melee.


Message History

You block the white ugly thing's attack.
The white ugly thing stings you but does no damage.
You slash the white ugly thing! You burn the white ugly thing.
The white ugly thing is almost dead.
You closely miss the white ugly thing. The white ugly thing misses you. x2
You furiously retaliate!
You headbutt the white ugly thing.
Unknown command.
You hit the white ugly thing but do no damage.
The white ugly thing is almost dead.
You hit the white ugly thing but do no damage.
The white ugly thing kicks you! The white ugly thing freezes you!
* * * LOW HITPOINT WARNING * * *
The white ugly thing stings you but does no damage.
You slash the white ugly thing! You burn the white ugly thing.
You kill the white ugly thing!
Okawaru is honoured by your kill.
Okawaru will now gift you throwing weapons as you gain piety.
You hit the white ugly thing. You burn the white ugly thing.
You feel like a meek peon again.
Your life force feels restored.
The white ugly thing attacks as you move away!
The white ugly thing closely misses you.
You see here an ugly thing corpse.
You closely miss the white ugly thing.
The white ugly thing is moderately wounded.
The white ugly thing misses you. You furiously retaliate!
You headbutt the white ugly thing. You slice the white ugly thing!!
You burn the white ugly thing.
The white ugly thing is almost dead.
You block the white ugly thing's attack.
The white ugly thing closely misses you.
You barely miss the white ugly thing.
The white ugly thing is almost dead.
You are no longer corroded.
You closely miss the white ugly thing.
The white ugly thing is almost dead.
The white ugly thing stings you!
* * * LOW HITPOINT WARNING * * *
The white ugly thing freezes you!!
You die...

### ##.##
########.#.###
#...<@u.###..#########
#.###.##.#............
#.# #.##...#..........
#.# #...###..####.....
#.# #..## ##)...#.###.
#.###.## ##.###.....
#.....# ###≈###...
#####.## ##≈≈≈≈≈##..
#..## ##≈≈≈≈≈≈≈##.


You could see a white ugly thing.

Vanquished Creatures
  An ugly thing (D:7)
  Maurice (D:7)
  A gargoyle (D:7)
  Maggie (D:7)
  Grinder (D:5)
  Eustachio (D:6)
  A steam dragon (D:8)
  Menkaure (D:6)
  2 water moccasins
  A black bear (D:5)
  2 orc warriors
  An ice beast (D:6)
  A sky beast (D:7)
  A phantom (D:5)
  A centaur (D:4)
  5 kobold brigands (Sewer)
  2 bullfrogs
  3 scorpions (D:5)
  A gnoll sergeant (D:8)
  7 water moccasin zombies
  4 wights (D:8)
  A water moccasin skeleton (D:3)
  A howler monkey (D:7)
  2 hounds
  Crazy Yiuf (D:7)
  3 jellies
  3 orc priests
  A sleepcap (D:8)
  Jessica (D:3)
  Ijyb (D:4)
  3 iguanas
  Natasha (thrice) (D:2)
  8 orc wizards
  2 mummies (Ossuary)
  7 gnolls
  10 adders
  4 river rats (Sewer)
  4 shadow imps
  A white imp (D:6)
  2 adder zombies (Ossuary)
  A dart slug (D:3)
  19 orcs
  9 endoplasms
  4 giant cockroaches
  4 gnoll zombies (Ossuary)
  6 hobgoblins
  A jackal (Sewer)
  3 quokkas
  6 ball pythons
  5 bats
  6 frilled lizards
  6 goblins
  6 hobgoblin zombies (Ossuary)
  A jackal zombie (D:4)
  7 kobolds
  5 kobold zombies (Ossuary)
  3 orc zombies (Ossuary)
  A rat (Sewer)
  A rat zombie (D:4)
191 creatures vanquished.

Notes
Turn   | Place    | Note
-------+----------+-------------------------------------------
     0 | D:1      | cowcol the Minotaur Fighter began the quest for the Orb.
     0 | D:1      | Reached XP level 1. HP: 19/19 MP: 0/0
   132 | D:1      | Found Beffuleu's Book Emporium.
   142 | D:1      | Reached XP level 2. HP: 27/27 MP: 1/1
   694 | D:2      | Found a faded altar of an unknown god.
   861 | D:2      | Reached XP level 3. HP: 33/33 MP: 2/2
   963 | D:2      | Reached skill level 3 in Axes
  1119 | D:2      | Noticed Natasha
  1125 | D:2      | Killed Natasha
  1460 | D:2      | Noticed Natasha
  1465 | D:2      | Killed Natasha
  1466 | D:2      | Reached XP level 4. HP: 12/41 MP: 3/3
  1549 | D:2      | Noticed Natasha
  1558 | D:2      | Killed Natasha
  1893 | D:3      | Reached skill level 5 in Armour
  1975 | D:3      | Reached skill level 4 in Axes
  2015 | D:3      | Identified the +0 robe of Agnosticism {*Slow rF- rN++
                  | Str+5}
  2033 | D:3      | Found a white marble altar of Elyvilon.
  2036 | D:3      | Found a shimmering altar of Xom.
  2040 | D:3      | Found an opulent altar of Gozag.
  2040 | D:3      | Found a snail-covered altar of Cheibriados.
  2041 | D:3      | Found a bloodstained altar of Trog.
  2046 | D:3      | Found a glowing golden altar of the Shining One.
  2091 | D:3      | Found a runed translucent gate.
  2092 | D:3      | Found a runed translucent gate.
  2141 | D:3      | Noticed Jessica
  2148 | D:3      | Reached XP level 5. HP: 41/47 MP: 4/4
  2150 | D:3      | Killed Jessica
  2252 | D:3      | Found a runed translucent gate.
  2252 | D:3      | Noticed AberrantSnake's ghost (amateur TeCj)
  2435 | D:3      | Found an iron altar of Okawaru.
  2439 | D:3      | Became a worshipper of Warmaster Okawaru
  2782 | D:3      | Reached skill level 5 in Axes
  2782 | D:3      | Reached XP level 6. HP: 29/55 MP: 5/5
  3133 | D:4      | Found Itoxto's Antique Armour Shoppe.
  3329 | D:4      | Found a sand-covered staircase.
  3337 | Ossuary  | Entered an ossuary
  3489 | Ossuary  | Reached skill level 5 in Fighting
  3498 | Ossuary  | Reached skill level 6 in Axes
  3507 | Ossuary  | Reached * piety under Okawaru
  3508 | Ossuary  | Reached XP level 7. HP: 36/61 MP: 6/6
  3909 | Ossuary  | Reached skill level 7 in Axes
  4232 | D:4      | Noticed Ijyb
  4276 | D:4      | Killed Ijyb
  4660 | D:5      | Entered Level 5 of the Dungeon
  4761 | D:5      | Found a broken altar of Ashenzari.
  4789 | D:5      | Reached skill level 8 in Axes
  4789 | D:5      | Reached XP level 8. HP: 54/70 MP: 7/7
  4849 | D:5      | Noticed Grinder
  4866 | D:5      | Paralysed by Grinder for 2 turns
  4870 | D:5      | Paralysed by Grinder for 2 turns
  4880 | D:5      | Killed Grinder
  4880 | D:5      | Reached ** piety under Okawaru
  5527 | D:5      | Found a staircase to the Ecumenical Temple.
  5531 | D:5      | Reached skill level 9 in Axes
  5825 | D:4      | Bought a pair of embroidered boots for 195 gold pieces
  6103 | D:5      | Found a sacrificial altar of Ru.
  6428 | D:6      | Found a glowing drain.
  6441 | Sewer    | Entered a sewer
  6498 | Sewer    | Reached skill level 10 in Axes
  7320 | Sewer    | Reached XP level 9. HP: 78/78 MP: 8/8
  7781 | D:6      | Noticed Menkaure
  8179 | D:6      | Killed Menkaure
  8179 | D:6      | Reached *** piety under Okawaru
  8180 | D:6      | Reached skill level 11 in Axes
  8398 | D:6      | Noticed Eustachio
  8438 | D:6      | Killed Eustachio
  8670 | D:6      | Found an ornate altar of the Wu Jian Council.
  9029 | D:7      | Noticed Maggie
  9057 | D:7      | Killed Maggie
  9058 | D:7      | Reached skill level 12 in Axes
  9058 | D:7      | Reached skill level 1 in Throwing
  9196 | D:7      | Noticed a gargoyle
  9203 | D:7      | Killed a gargoyle
  9204 | D:7      | Reached skill level 1 in Invocations
  9290 | D:7      | Found a runed translucent door.
  9291 | D:7      | Noticed Crazy Yiuf
  9573 | D:7      | Found a shimmering blue altar of Sif Muna.
  9959 | D:7      | Killed Crazy Yiuf
 10068 | D:8      | Noticed Maurice
 10081 | D:7      | Killed Maurice
 10082 | D:7      | Reached skill level 13 in Axes
 10082 | D:7      | Reached XP level 10. HP: 82/88 MP: 6/9
 10336 | D:8      | Found a runed translucent gate.
 10337 | D:8      | Found a runed translucent gate.
 10338 | D:8      | Found a runed translucent gate.
 10338 | D:8      | Noticed a brown ugly thing
 10338 | D:8      | Noticed a green ugly thing
 10339 | D:8      | Noticed a green ugly thing
 10340 | D:8      | Noticed a cyan ugly thing
 10340 | D:8      | Noticed a purple ugly thing
 10594 | D:8      | Received a gift from Okawaru
 10944 | D:8      | Found a sparkling altar of Nemelex Xobeh.
 11110 | D:7      | Killed a white ugly thing
 11115 | D:7      | Mangled by a white ugly thing

Illustrated notes

Levels and vault maps discovered:
D:1:      minmay_arrival_wavy_path, layout_rooms, serial_shops, shop
D:2:      layout_basic, shapermc_ecumenical_altar_venn, uniq_natasha
D:3:      layout_basic, minitemple, mainiacjoe_overflow_alcove_4,
          gammafunk_ghost_necromancy, uniq_jessica
D:4:      layout_rooms, enter_ossuary_3, nicolae_stop_n_shop_2, corexii_shack,
          minmay_door_square, uniq_ijyb
D:5:      layout_basic, amcnicky_altar_gilded, mainiacjoe_overflow_alcove_2,
          minmay_temple_entry_statues_pillars, uniq_grinder
D:6:      layout_rooms, nzn_wu_jian_contemplation, gup_sewer_entry_glass,
          minmay_fountain_box, uniq_menkaure, uniq_eustachio
D:7:      layout_loops_ring, kennysheep_orc_sif_temple, uniq_crazy_yiuf_cottage,
          uniq_maggie
D:8:      layout_cave_pools, lemuel_crystal_altar,
          ploomutoo_gammafunk_ghost_potion_laboratory, uniq_maurice

Skill      XL: |  1  2  3  4  5  6  7  8  9 |
---------------+----------------------------+-----
Fighting       | 4 5 6 8 |  8.4
Armour         | 4 5 6 7 9 |  9.6
Shields        | 4 |  4.1
Axes           | 3 4 5 6 8 10 13 | 13.7
Throwing       | 1 |  1.0
Invocations    | 1 |  1.8

Action                     |  1- 3 |  4- 6 |  7- 9 | 10-12 || total
---------------------------+-------+-------+-------+-------++-------
  Melee: War axe           |    69 |   101 |   335 |    39 ||   544
         Headbutt          |     4 |    12 |    63 |     7 ||    86
         Unarmed           |       |       |    29 |       ||    29
  Throw: Boomerang         |       |       |     9 |       ||     9
 Invoke: Heroism           |       |       |     9 |     4 ||    13
    Use: Scroll            |       |     3 |     6 |     1 ||    10
         Potion            |       |     1 |     6 |       ||     7
 Armour: Scale mail        |    41 |    46 |   110 |     9 ||   206
  Dodge: Dodged            |    39 |    44 |   113 |    30 ||   226
  Block: Buckler           |    13 |    21 |    78 |     9 ||   121
         Kite shield       |       |       |       |     6 ||     6
